 Dungeon Crawl Stone Soup version 0.29.0-4-gdea44cf6ec (webtiles) character file.

Game seed: 11118972876840748448

69080 qw the Brawler (level 14, 0/149 HPs)
             Began as a Troll Cinder Acolyte on Sept 1, 2022.
             Was an Elder of Okawaru.
             Slain by a 15-headed hydra (1 damage)
             ... on level 13 of the Dungeon.
             The game lasted 00:11:11 (17814 turns).

qw the Brawler (Troll Cinder Acolyte)              Turns: 17814, Time: 00:11:12

Health: 0/149      AC: 15    Str: 25    XL:     14   Next: 89%
Magic:  27/27      EV:  7    Int: 17    God:    Okawaru [****..]
Gold:   1465       SH: 20    Dex:  5    Spells: 15/15 levels left

rFire   + . .      SeeInvis .     - Unarmed
rCold   . . .      Faith    .   A - +1 tower shield {rN+}
rNeg    + . .      Spirit   .   d - +0 swamp dragon scales
rPois   +          Reflect  +   (helmet restricted)
rElec   +          Harm     .   s - +2 cloak "Qebbamu" {rElec Regen+ rCorr Str-4}
rCorr   +          Rampage  .   (gloves unavailable)
Will    +....                   (boots unavailable)
Stlth   ++........              v - amulet "Xicyman" {Reflect Contam MP+9 Int+7 SH+5}
HPRegen 1.94/turn               b - ring of protection from fire
MPRegen 0.20/turn               (no ring)

@: heroic
A: large, unfitting armour, claws 3, regeneration 1, shaggy fur 1, tough skin 1,
fangs 1, low MP 1, robust 1
a: Renounce Religion, Heroism, Finesse


You were on level 13 of the Dungeon.
You worshipped Okawaru.
Okawaru was greatly pleased with you.
You visited 3 branches of the dungeon, and saw 20 of its levels.
You also visited: Gauntlet.

You collected 1465 gold pieces.


Innate Abilities, Weirdness & Mutations

You are too large for most types of armour.
You have claws for hands.
Your natural rate of healing is unusually fast.
You are covered in fur. (AC +1)
You have tough skin. (AC +1)
You have very sharp teeth.
Your magical capacity is low. (-10% MP)
You are robust. (+10% HP)


   Skills:
 - Level 8.1(13.1) Fighting
 - Level 8.0(13.0) Throwing
 - Level 4.0(9.0) Armour
 - Level 2.0(7.0) Dodging
 + Level 6.7(11.7) Shields
 - Level 19.0(24.0) Unarmed Combat
 - Level 1.0 Spellcasting
 - Level 2.1 Fire Magic
 - Level 10.0 Invocations


You had 15 spell levels left.
You didn't know any spells.
Your spell library contained the following spells:

 Spells                   Type           Power      Damage    Failure   Level
 Scorch                   Fire           16%        2d6       54%         2

Inventory:

Missiles
 f - 8 boomerangs
 m - 11 large rocks (quivered)
 t - 7 silver javelins
 x - 6 javelins
Armour
 a - the +2 ratskin cloak {*Rats rPois rN+ Str-1 Int-1 Dex+1}
   (You found it on level 9 of the Dungeon)

   When the wearer is hurt, rats may emerge from it to assist them.
   Str:       It affects your strength (-1).
   Int:       It affects your intelligence (-1).
   Dex:       It affects your dexterity (+1).
   rPois:     It protects you from poison.
   rN:        It protects you from negative energy.
 d - +0 swamp dragon scales (worn)
 l - a +2 cloak
 o - a +1 robe of fire resistance
 s - the +2 cloak "Qebbamu" (worn) {rElec Regen+ rCorr Str-4}
   (You found it in a Gauntlet)

   Str:       It affects your strength (-4).
   rElec:     It insulates you from electricity.
   Regen:     It increases your rate of health regeneration.
   rCorr:     It protects you from acid and corrosion.
 A - a +1 tower shield of positive energy (worn)
Jewellery
 b - a ring of protection from fire (left claw)
 q - a ring of ice
 r - a ring of resist corrosion
 u - a ring of fire
 v - the amulet "Xicyman" (around neck) {Reflect Contam MP+9 Int+7 SH+5}
   (You acquired it in a Gauntlet)

   [amulet of reflection]

   It reflects blocked missile attacks.
   Int:       It affects your intelligence (+7).
   MP:        It affects your magic capacity (+9).
   Contam:    It causes magical contamination when unequipped.
   SH:        It affects your SH (+5).
Scrolls
 c - 17 scrolls of identify
 g - 3 scrolls of teleportation
 i - a scroll of enchant weapon
Potions
 e - 2 potions of haste
 h - 8 potions of curing
 k - 8 potions of might
 n - a potion of resistance
 p - 2 potions of mutation
 w - a potion of magic

Dungeon Overview and Level Annotations

Branches:
Dungeon (14/15)            Temple (1/1) D:6            Lair (5/5) D:10
 Shoals (0/4) Lair:3       Spider (0/4) Lair:2        Slime (0/5) Lair:5
    Orc (0/2) D:10         Vaults (0/5) D:13        Gauntlet (visited)

Altars:
Ashenzari
Cheibriados
Dithmenos
Gozag
Hepliaklqana
Kikubaaqudgha
Okawaru
Qazlal
Sif Muna
Uskayaw
Vehumet
Xom
Yredelemnul
The Shining One

Shops:
D:2 :   D:7 *

Annotations:
D:5 Dowan
D:7 3 runed translucent doors, qw's ghost, novice TeWr; qw's ghost, novice TrCA
D:12 1 runed translucent door, qw's ghost, journeyman TrCA


Message History

The 12-headed hydra bites you but does no damage.
The 12-headed hydra bites you!
The 12-headed hydra bites you but does no damage.
You claw one of the 12-headed hydra's heads off!
The 11-headed hydra grows two more!
You claw the 13-headed hydra!
The 13-headed hydra is heavily wounded.
You tear one of the 13-headed hydra's heads off!
The 12-headed hydra grows two more!
You claw the 14-headed hydra!
The 14-headed hydra is heavily wounded.
The 14-headed hydra bites you but does no damage.
The 14-headed hydra bites you. You block the 14-headed hydra's attack.
The 14-headed hydra bites you! You block the 14-headed hydra's attack.
The 14-headed hydra bites you! The 14-headed hydra barely misses you.
You block the 14-headed hydra's attack. x2; The 14-headed hydra bites you! x2
The 14-headed hydra bites you but does no damage.
The 14-headed hydra bites you. You block the 14-headed hydra's attack.
You tear one of the 14-headed hydra's heads off!
The 13-headed hydra grows two more!
You scratch the 15-headed hydra.
The 15-headed hydra is heavily wounded.
The 15-headed hydra barely misses you. x2
You block the 15-headed hydra's attack. The 15-headed hydra bites you.
The 15-headed hydra barely misses you. You block the 15-headed hydra's attack.
The 15-headed hydra bites you but does no damage. x2
The 15-headed hydra bites you! You block the 15-headed hydra's attack.
The 15-headed hydra bites you but does no damage.
You block the 15-headed hydra's attack. The 15-headed hydra bites you.
The 15-headed hydra barely misses you. You block the 15-headed hydra's attack.
You barely miss the 15-headed hydra.
The 15-headed hydra is moderately wounded.
You completely miss the 15-headed hydra.
The 15-headed hydra is moderately wounded.
You block the 15-headed hydra's attack. The 15-headed hydra bites you.
You block the 15-headed hydra's attack. The 15-headed hydra bites you!
The 15-headed hydra bites you but does no damage.
The 15-headed hydra bites you!
The 15-headed hydra bites you but does no damage.
You block the 15-headed hydra's attack. The 15-headed hydra bites you!
The 15-headed hydra bites you but does no damage.
The 15-headed hydra barely misses you. The 15-headed hydra bites you.
You die...

#................)...)..###
##.........###........)....#
##.........###..#..........##
.##.......##................##
........................#....#
.......#................#...##
[.........................###
............................##
................@............#
...............D.....##....###
.....................##..(...#
....................###.....##
.....................##....##
......................#..###
#..#######..#######.....####
#..#.....#.)#....\#.<..###.#
##.#..#.##).##.#..#......#.##


You could see a 15-headed hydra.

Vanquished Creatures
  Frances (D:13)
  4 dire elephants
  A minotaur (Gauntlet)
  4 hydras
  3 catoblepae
  3 boulder beetles
  3 two-headed ogres
  3 centaur warriors (D:13)
  A death knight (D:13)
  4 death yaks
  Urug (D:11)
  A deep elf knight (D:13)
  2 skeletal warriors (D:13)
  A wretched star (Gauntlet)
  A spectral anaconda (Lair:5)
  An obsidian statue (Lair:5)
  An orc knight (D:13)
  A phantasmal warrior (D:13)
  3 deep elf pyromancers (D:13)
  A deep elf zephyrmancer (D:13)
  3 necromancers (Lair:5)
  3 manticores
  3 cyclopes
  2 black mambas
  18 elephants
  2 gargoyles (D:13)
  4 centaur skeletons (D:13)
  Psyche (D:11)
  12 cane toads
  A kobold demonologist (D:10)
  A rime drake (Lair:3)
  20 komodo dragons
  A dire elephant skeleton (Lair:5)
  A tengu conjurer (D:14)
  A queen bee (D:12)
  3 meliai (D:12)
  2 trolls
  2 polar bears (Lair:4)
  A wind drake (Lair:3)
  Grinder (D:6)
  A hornet (D:8)
  4 dream sheep (Lair:4)
  6 blink frogs (Lair:2)
  Sigmund (D:6)
  A jumping spider (Lair:2)
  4 shadows
  A vampire (D:11)
  3 culicivoras (Lair:2)
  2 wraiths
  6 wyverns
  A dire elephant simulacrum (Lair:5)
  17 fire elementals
  29 yaks
  2 redbacks (Lair:2)
  4 basilisks
  Eustachio (D:5)
  4 steam dragons
  4 vampire mosquitoes (D:13)
  2 neqoxecs (Gauntlet)
  Edmund (D:6)
  A death yak simulacrum (Lair:5)
  2 acid dragons
  11 water moccasins
  Duvessa (D:5)
  2 orc warriors
  5 sky beasts
  2 ice beasts (D:7)
  3 black bears
  An ogre (D:6)
  2 elephant zombies (Lair:5)
  An elephant skeleton (Lair:5)
  8 wolves
  14 centaurs
  5 phantoms
  Blork the orc (D:6)
  6 kobold brigands
  A scorpion (D:6)
  15 bullfrogs
  2 cane toad simulacra (Lair:5)
  A necrophage (D:5)
  13 wights
  A troll zombie (D:10)
  2 elephant simulacra (Lair:5)
  32 killer bees
  2 howler monkeys
  6 hounds
  2 gnoll boudas
  9 jellies
  13 orc priests
  4 iguanas
  13 orc wizards
  5 ogre zombies (D:10)
  26 gnolls
  6 adders
  A shadow imp (D:6)
  A white imp (D:6)
  2 ufetubi (D:5)
  2 worms
  A dart slug (D:4)
  41 orcs
  5 endoplasms
  A giant cockroach (D:3)
  5 goblins
  5 hobgoblins
  6 jackals
  27 kobolds
  2 quokkas
  14 ball pythons
  7 bats
  5 frilled lizards
  2 goblin zombies (D:10)
  2 hobgoblin zombies (D:10)
  3 orc skeletons (D:10)
  10 orc zombies (D:10)
  3 rats
579 creatures vanquished.

Vanquished Creatures (others)
  An orc wizard (D:10)
  A kobold (D:11)
  16 fungi
  32 plants
  8 withered plants (Lair:5)
58 creatures vanquished.

Grand Total: 637 creatures vanquished

Notes
Turn   | Place    | Note
-------+----------+-------------------------------------------
     0 | D:1      | qw the Troll Cinder Acolyte began the quest for the Orb.
     0 | D:1      | Reached XP level 1. HP: 22/22 MP: 1/1
     0 | D:1      | 0 ||| qw: Version: 0.1-a-97-g2dd2ca4
     0 | D:1      | 0 ||| qw: Game counter: 4881
     0 | D:1      | 0 ||| qw: Always use a shield: true
     0 | D:1      | 0 ||| qw: God list: Okawaru
     0 | D:1      | 0 ||| qw: Allow faded altars: false
     0 | D:1      | 0 ||| qw: Do Orc after D:15 true
     0 | D:1      | 0 ||| qw: Do second Lair branch before Depths: true
     0 | D:1      | 0 ||| qw: Lair rune preference: random
     0 | D:1      | 0 ||| qw: Plans: Normal
     0 | D:1      | 0 ||| PLANNING D:1-11
    50 | D:1      | 50 ||| Stepping ~*~*~tactically~*~*~ (outnumbered).
    52 | D:1      | 52 ||| Stepping ~*~*~tactically~*~*~ (outnumbered).
    55 | D:1      | 55 ||| Stepping ~*~*~tactically~*~*~ (outnumbered).
    56 | D:1      | 56 ||| Stepping ~*~*~tactically~*~*~ (outnumbered).
    57 | D:1      | 57 ||| Stepping ~*~*~tactically~*~*~ (outnumbered).
   117 | D:1      | Reached XP level 2. HP: 29/29 MP: 2/2
   226 | D:1      | 226 ||| Stepping ~*~*~tactically~*~*~ (stealth).
   229 | D:1      | 229 ||| Stepping ~*~*~tactically~*~*~ (stealth).
   233 | D:1      | 233 ||| Stepping ~*~*~tactically~*~*~ (stealth).
   238 | D:1      | 238 ||| Stepping ~*~*~tactically~*~*~ (stealth).
   242 | D:1      | 242 ||| Stepping ~*~*~tactically~*~*~ (stealth).
   244 | D:1      | 244 ||| Stepping ~*~*~tactically~*~*~ (stealth).
   303 | D:1      | Reached skill level 4 in Unarmed Combat
   429 | D:1      | 429 ||| Stepping ~*~*~tactically~*~*~ (stealth).
   435 | D:1      | Found a faded altar of an unknown god.
   665 | D:1      | 665 ||| READING scroll labelled OZAOS FAUM POF.
   666 | D:1      | 666 ||| READING scroll labelled JINIAMI NEPOC.
   670 | D:1      | 670 ||| READING scroll labelled URUQOJ CALL.
   671 | D:1      | 671 ||| READING scroll labelled REOKOTZ ZATSY.
   672 | D:1      | 672 ||| DRINKING 2 bubbling red potions.
   673 | D:1      | 673 ||| DRINKING 2 silvery potions.
   689 | D:2      | 689 ||| STAIRDANCE
   693 | D:1      | Reached XP level 3. HP: 36/36 MP: 3/3
   715 | D:2      | 715 ||| Stepping ~*~*~tactically~*~*~ (outnumbered).
   716 | D:2      | 716 ||| Stepping ~*~*~tactically~*~*~ (outnumbered).
   718 | D:2      | 718 ||| Stepping ~*~*~tactically~*~*~ (outnumbered).
   773 | D:2      | 773 ||| Stepping ~*~*~tactically~*~*~ (stealth).
  1040 | D:2      | Found Rexaesaxt's Book Boutique.
  1135 | D:2      | 1135 ||| Stepping ~*~*~tactically~*~*~ (stealth).
  1137 | D:2      | 1137 ||| INVOKING Fiery Armour.
  1141 | D:2      | 1141 ||| Stepping ~*~*~tactically~*~*~ (outnumbered).
  1145 | D:2      | Reached XP level 4. HP: 43/44 MP: 4/4
  1148 | D:2      | Reached skill level 5 in Unarmed Combat
  1442 | D:2      | 1442 ||| UPGRADING to +0 cloak.
  1447 | D:2      | 1447 ||| READING 2 scrolls of identify.
  1447 | D:2      | 1447 ||| IDENTIFYING fuming inky potion
  1448 | D:2      | 1448 ||| DROPPING potion of invisibility.
  2206 | D:3      | 2206 ||| READING scroll labelled UGOQ ZIFUC.
  2207 | D:3      | 2207 ||| READING scroll labelled GIOSOI BUISIVALO.
  2208 | D:3      | 2208 ||| DRINKING 2 fizzy coppery potions.
  2209 | D:3      | 2209 ||| DRINKING 2 grey potions.
  2210 | D:3      | 2210 ||| DRINKING 2 bubbling orange potions.
  2211 | D:3      | 2211 ||| READING 2 scrolls of identify.
  2211 | D:3      | 2211 ||| IDENTIFYING fuming amethyst potion
  2212 | D:3      | 2212 ||| DROPPING potion of ambrosia.
  2213 | D:3      | 2213 ||| DROPPING potion of magic.
  2214 | D:3      | 2214 ||| DROPPING potion of degeneration.
  2215 | D:3      | 2215 ||| DROPPING potion of brilliance.
  2267 | D:4      | Reached XP level 5. HP: 49/50 MP: 5/5
  2275 | D:4      | 2275 ||| INVOKING Fiery Armour.
  2277 | D:4      | 2277 ||| Stepping ~*~*~tactically~*~*~ (outnumbered).
  2278 | D:4      | 2278 ||| Stepping ~*~*~tactically~*~*~ (outnumbered).
  2281 | D:4      | 2281 ||| Stepping ~*~*~tactically~*~*~ (outnumbered).
  2282 | D:4      | 2282 ||| Stepping ~*~*~tactically~*~*~ (outnumbered).
  2286 | D:4      | Reached skill level 6 in Unarmed Combat
  2287 | D:4      | 2287 ||| Stepping ~*~*~tactically~*~*~ (outnumbered).
  2288 | D:4      | 2288 ||| Stepping ~*~*~tactically~*~*~ (outnumbered).
  2289 | D:4      | 2289 ||| Stepping ~*~*~tactically~*~*~ (outnumbered).
  2290 | D:4      | 2290 ||| Stepping ~*~*~tactically~*~*~ (outnumbered).
  2337 | D:4      | Reached XP level 6. HP: 53/59 MP: 6/6
  2380 | D:4      | 2380 ||| Stepping ~*~*~tactically~*~*~ (hiding).
  2501 | D:4      | 2501 ||| Stepping ~*~*~tactically~*~*~ (stealth).
  2509 | D:4      | 2509 ||| INVOKING Fiery Armour.
  2513 | D:4      | 2513 ||| Stepping ~*~*~tactically~*~*~ (outnumbered).
  2514 | D:4      | 2514 ||| Stepping ~*~*~tactically~*~*~ (outnumbered).
  2515 | D:4      | 2515 ||| Stepping ~*~*~tactically~*~*~ (outnumbered).
  2516 | D:4      | 2516 ||| Stepping ~*~*~tactically~*~*~ (outnumbered).
  2552 | D:4      | 2552 ||| Stepping ~*~*~tactically~*~*~ (hiding).
  2555 | D:4      | 2555 ||| Stepping ~*~*~tactically~*~*~ (hiding).
  2558 | D:4      | Reached skill level 7 in Unarmed Combat
  2628 | D:4      | 2628 ||| INVOKING Fiery Armour.
  2629 | D:4      | 2629 ||| Stepping ~*~*~tactically~*~*~ (outnumbered).
  2630 | D:4      | 2630 ||| Stepping ~*~*~tactically~*~*~ (hiding).
  2635 | D:4      | 2635 ||| Stepping ~*~*~tactically~*~*~ (outnumbered).
  2638 | D:4      | 2638 ||| Stepping ~*~*~tactically~*~*~ (outnumbered).
  2755 | D:4      | 2755 ||| Stepping ~*~*~tactically~*~*~ (stealth).
  2815 | D:4      | 2815 ||| Stepping ~*~*~tactically~*~*~ (stealth).
  2842 | D:4      | Reached skill level 8 in Unarmed Combat
  2842 | D:4      | Reached XP level 7. HP: 64/66 MP: 7/7
  2877 | D:4      | 2877 ||| Stepping ~*~*~tactically~*~*~ (hiding).
  2980 | D:4      | Reached skill level 3 in Fighting
  3001 | D:4      | 3001 ||| Stepping ~*~*~tactically~*~*~ (outnumbered).
  3133 | D:4      | 3133 ||| UPGRADING to ring of protection from fire.
  3134 | D:4      | 3134 ||| DRINKING 2 dark potions.
  3135 | D:4      | 3135 ||| READING 4 scrolls of identify.
  3135 | D:4      | 3135 ||| IDENTIFYING brown potion
  3136 | D:4      | 3136 ||| READING 3 scrolls of identify.
  3136 | D:4      | 3136 ||| IDENTIFYING viscous green potion
  3137 | D:4      | 3137 ||| DROPPING potion of flight.
  3138 | D:4      | 3138 ||| DROPPING potion of berserk rage.
  3160 | D:5      | Entered Level 5 of the Dungeon
  3173 | D:5      | Noticed Eustachio
  3174 | D:5      | 3174 ||| Stepping ~*~*~tactically~*~*~ (hiding).
  3183 | D:5      | 3183 ||| INVOKING Fiery Armour.
  3189 | D:5      | 3189 ||| Stepping ~*~*~tactically~*~*~ (hiding).
  3202 | D:5      | Killed Eustachio
  3205 | D:5      | 3205 ||| Stepping ~*~*~tactically~*~*~ (hiding).
  3214 | D:5      | Reached skill level 9 in Unarmed Combat
  3257 | D:5      | 3257 ||| Stepping ~*~*~tactically~*~*~ (hiding).
  3264 | D:5      | Reached skill level 1 in Throwing
  3274 | D:5      | Reached skill level 1 in Dodging
  3309 | D:5      | Reached XP level 8. HP: 75/75 MP: 8/8
  3631 | D:5      | Noticed Duvessa
  3632 | D:5      | Noticed Dowan
  3633 | D:5      | 3633 ||| Stepping ~*~*~tactically~*~*~ (hiding).
  3634 | D:5      | 3634 ||| Stepping ~*~*~tactically~*~*~ (hiding).
  3637 | D:5      | 3637 ||| INVOKING Fiery Armour.
  3642 | D:5      | Killed Duvessa
  3643 | D:5      | Reached skill level 10 in Unarmed Combat
  3646 | D:5      | HP: 11/75 [Dowan/stone arrow (27)]
  3647 | D:5      | 3647 ||| READING scroll of teleportation.
  3648 | D:5      | 3648 ||| DRINKING potion of heal wounds.
  3811 | D:5      | 3811 ||| Stepping ~*~*~tactically~*~*~ (stealth).
  3814 | D:5      | 3814 ||| READING scroll labelled SIXUWNU UBYOZE.
  3815 | D:5      | 3815 ||| READING scroll labelled SUHIODDAIXI.
  3816 | D:5      | 3816 ||| DRINKING 2 emerald potions.
  3862 | D:5      | 3862 ||| DROPPING potion of lignification.
  3866 | D:6      | Noticed Blork the orc
  3870 | D:6      | Killed Blork the orc
  3915 | D:6      | Identified the +4 falchion of the Toothy God {venom, rN+
                  | Str+4 Int+2}
  3922 | D:6      | 3922 ||| INVOKING Fiery Armour.
  3924 | D:6      | HP: 15/78 [iguana (7)]
  3927 | D:6      | HP: 6/78 [poisoned by a centaur]
  3932 | D:6      | HP: 4/78 [poisoned by a centaur]
  3994 | D:6      | 3994 ||| FLEEEEING.
  4000 | D:6      | 4000 ||| STAIRDANCE
  4008 | D:5      | 4008 ||| UPGRADING to +0 swamp dragon scales.
  4018 | D:5      | 4018 ||| DROPPING +0 robe.
  4030 | D:6      | Found a staircase to the Ecumenical Temple.
  4033 | D:6      | 4033 ||| Stepping ~*~*~tactically~*~*~ (outnumbered).
  4034 | D:6      | 4034 ||| Stepping ~*~*~tactically~*~*~ (outnumbered).
  4035 | D:6      | 4035 ||| Stepping ~*~*~tactically~*~*~ (outnumbered).
  4036 | D:6      | 4036 ||| Stepping ~*~*~tactically~*~*~ (outnumbered).
  4037 | D:6      | 4037 ||| Stepping ~*~*~tactically~*~*~ (outnumbered).
  4038 | D:6      | 4038 ||| Stepping ~*~*~tactically~*~*~ (outnumbered).
  4039 | D:6      | 4039 ||| Stepping ~*~*~tactically~*~*~ (outnumbered).
  4040 | D:6      | 4040 ||| Stepping ~*~*~tactically~*~*~ (outnumbered).
  4041 | D:6      | 4041 ||| Stepping ~*~*~tactically~*~*~ (outnumbered).
  4042 | D:6      | 4042 ||| Stepping ~*~*~tactically~*~*~ (outnumbered).
  4043 | D:6      | 4043 ||| Stepping ~*~*~tactically~*~*~ (outnumbered).
  4044 | D:6      | 4044 ||| Stepping ~*~*~tactically~*~*~ (outnumbered).
  4045 | D:6      | 4045 ||| Stepping ~*~*~tactically~*~*~ (outnumbered).
  4050 | D:6      | 4050 ||| Stepping ~*~*~tactically~*~*~ (outnumbered).
  4051 | D:6      | 4051 ||| Stepping ~*~*~tactically~*~*~ (outnumbered).
  4055 | D:6      | 4055 ||| Stepping ~*~*~tactically~*~*~ (outnumbered).
  4057 | D:6      | 4057 ||| Stepping ~*~*~tactically~*~*~ (outnumbered).
  4058 | D:6      | 4058 ||| Stepping ~*~*~tactically~*~*~ (outnumbered).
  4060 | D:6      | 4060 ||| Stepping ~*~*~tactically~*~*~ (outnumbered).
  4061 | D:6      | 4061 ||| Stepping ~*~*~tactically~*~*~ (outnumbered).
  4062 | D:6      | 4062 ||| Stepping ~*~*~tactically~*~*~ (outnumbered).
  4064 | D:6      | Reached skill level 1 in Armour
  4148 | D:6      | Noticed Edmund
  4158 | D:6      | Killed Edmund
  4238 | D:6      | Noticed Grinder
  4242 | D:6      | Killed Grinder
  4243 | D:6      | Reached skill level 11 in Unarmed Combat
  4243 | D:6      | Reached XP level 9. HP: 84/84 MP: 9/9
  4288 | D:6      | 4288 ||| Stepping ~*~*~tactically~*~*~ (hiding).
  4294 | D:6      | 4294 ||| INVOKING Fiery Armour.
  4303 | D:6      | 4303 ||| Stepping ~*~*~tactically~*~*~ (outnumbered).
  4314 | D:6      | Reached skill level 12 in Unarmed Combat
  4342 | D:6      | Found a radiant altar of Vehumet.
  4349 | D:6      | Noticed Sigmund
  4354 | D:6      | Killed Sigmund
  4373 | D:6      | 4373 ||| Stepping ~*~*~tactically~*~*~ (stealth).
  4374 | D:6      | 4374 ||| Stepping ~*~*~tactically~*~*~ (stealth).
  4375 | D:6      | 4375 ||| Stepping ~*~*~tactically~*~*~ (stealth).
  4380 | D:6      | 4380 ||| Stepping ~*~*~tactically~*~*~ (stealth).
  4384 | D:6      | 4384 ||| Stepping ~*~*~tactically~*~*~ (stealth).
  4388 | D:6      | 4388 ||| Stepping ~*~*~tactically~*~*~ (outnumbered).
  4391 | D:6      | 4391 ||| Stepping ~*~*~tactically~*~*~ (outnumbered).
  4421 | D:6      | Found a hide-covered altar of Uskayaw.
  4422 | D:6      | Found an ancient bone altar of Kikubaaqudgha.
  4423 | D:6      | Found a broken altar of Ashenzari.
  4424 | D:6      | Found a hazy altar of Hepliaklqana.
  4611 | D:6      | 4611 ||| Stepping ~*~*~tactically~*~*~ (outnumbered).
  4704 | D:6      | Reached skill level 13 in Unarmed Combat
  4704 | D:6      | Reached XP level 10. HP: 96/96 MP: 10/10
  4894 | D:6      | 4894 ||| DROPPING ring of wizardry.
  4895 | D:6      | 4895 ||| READING scroll labelled LOMEQIN YPAW.
  4896 | D:6      | 4896 ||| READING 5 scrolls of identify.
  4896 | D:6      | 4896 ||| IDENTIFYING white potion
  4979 | D:7      | 4979 ||| FLEEEEING.
  4993 | D:7      | 4993 ||| Stepping ~*~*~tactically~*~*~ (stealth).
  5033 | D:7      | Found a runed translucent gate.
  5036 | D:7      | Found Ufouru's Island Escapes.
  5039 | D:7      | Found a runed translucent gate.
  5266 | D:7      | Found a runed translucent gate.
  5267 | D:7      | Noticed qw's ghost (novice TrCA)
  5268 | D:7      | Noticed qw's ghost (novice TeWr)
  5301 | D:7      | 5301 ||| Stepping ~*~*~tactically~*~*~ (hiding).
  5448 | D:7      | 5448 ||| FLEEEEING.
  5450 | D:7      | 5450 ||| FLEEEEING.
  5451 | D:7      | 5451 ||| FLEEEEING.
  5755 | D:7      | 5755 ||| UPGRADING to +2 cloak.
  5765 | D:7      | 5765 ||| DROPPING +0 cloak.
  5766 | D:7      | 5766 ||| READING scroll labelled HODGHU LALEIGG.
  5767 | D:7      | 5767 ||| READING 5 scrolls of identify.
  5767 | D:7      | 5767 ||| IDENTIFYING pink potion
  5768 | D:7      | 5768 ||| DROPPING potion of attraction.
  5831 | D:8      | Noticed a two-headed ogre
  5838 | D:8      | Killed a two-headed ogre
  5839 | D:8      | Reached skill level 14 in Unarmed Combat
  6019 | D:8      | 6019 ||| Stepping ~*~*~tactically~*~*~ (stealth).
  6020 | D:8      | 6020 ||| Stepping ~*~*~tactically~*~*~ (stealth).
  6022 | D:8      | 6022 ||| Stepping ~*~*~tactically~*~*~ (hiding).
  6023 | D:8      | 6023 ||| Stepping ~*~*~tactically~*~*~ (hiding).
  6028 | D:8      | Reached skill level 3 in Armour
  6065 | D:8      | Paralysed by a hornet for 2 turns
  6103 | D:8      | 6103 ||| Stepping ~*~*~tactically~*~*~ (hiding).
  6104 | D:8      | 6104 ||| Stepping ~*~*~tactically~*~*~ (hiding).
  6116 | D:8      | Reached skill level 6 in Fighting
  6306 | D:8      | 6306 ||| READING 2 scrolls labelled XOROYC QOOGGY.
  6307 | D:8      | 6307 ||| READING scroll labelled WYHAPN MYZE.
  6323 | D:9      | 6323 ||| STAIRDANCE
  6385 | D:9      | 6385 ||| Stepping ~*~*~tactically~*~*~ (stealth).
  6387 | D:9      | 6387 ||| Stepping ~*~*~tactically~*~*~ (stealth).
  6389 | D:9      | 6389 ||| Stepping ~*~*~tactically~*~*~ (hiding).
  6496 | D:9      | 6496 ||| INVOKING Fiery Armour.
  6497 | D:9      | 6497 ||| Stepping ~*~*~tactically~*~*~ (outnumbered).
  6499 | D:9      | 6499 ||| Stepping ~*~*~tactically~*~*~ (outnumbered).
  6500 | D:9      | 6500 ||| Stepping ~*~*~tactically~*~*~ (outnumbered).
  6501 | D:9      | 6501 ||| Stepping ~*~*~tactically~*~*~ (outnumbered).
  6502 | D:9      | 6502 ||| Stepping ~*~*~tactically~*~*~ (outnumbered).
  6503 | D:9      | 6503 ||| Stepping ~*~*~tactically~*~*~ (outnumbered).
  6504 | D:9      | 6504 ||| Stepping ~*~*~tactically~*~*~ (outnumbered).
  6505 | D:9      | 6505 ||| Stepping ~*~*~tactically~*~*~ (outnumbered).
  6506 | D:9      | 6506 ||| Stepping ~*~*~tactically~*~*~ (hiding).
  6507 | D:9      | 6507 ||| Stepping ~*~*~tactically~*~*~ (hiding).
  6509 | D:9      | 6509 ||| Stepping ~*~*~tactically~*~*~ (outnumbered).
  6512 | D:9      | 6512 ||| Stepping ~*~*~tactically~*~*~ (outnumbered).
  6513 | D:9      | 6513 ||| Stepping ~*~*~tactically~*~*~ (outnumbered).
  6514 | D:9      | 6514 ||| Stepping ~*~*~tactically~*~*~ (outnumbered).
  6515 | D:9      | 6515 ||| Stepping ~*~*~tactically~*~*~ (outnumbered).
  6518 | D:9      | 6518 ||| Stepping ~*~*~tactically~*~*~ (outnumbered).
  6519 | D:9      | 6519 ||| Stepping ~*~*~tactically~*~*~ (outnumbered).
  6520 | D:9      | 6520 ||| Stepping ~*~*~tactically~*~*~ (outnumbered).
  6521 | D:9      | 6521 ||| Stepping ~*~*~tactically~*~*~ (outnumbered).
  6522 | D:9      | 6522 ||| Stepping ~*~*~tactically~*~*~ (outnumbered).
  6523 | D:9      | 6523 ||| Stepping ~*~*~tactically~*~*~ (outnumbered).
  6524 | D:9      | 6524 ||| Stepping ~*~*~tactically~*~*~ (outnumbered).
  6525 | D:9      | 6525 ||| Stepping ~*~*~tactically~*~*~ (outnumbered).
  6526 | D:9      | 6526 ||| Stepping ~*~*~tactically~*~*~ (outnumbered).
  6527 | D:9      | 6527 ||| Stepping ~*~*~tactically~*~*~ (outnumbered).
  6528 | D:9      | 6528 ||| Stepping ~*~*~tactically~*~*~ (outnumbered).
  6532 | D:9      | Reached skill level 15 in Unarmed Combat
  6533 | D:9      | 6533 ||| Stepping ~*~*~tactically~*~*~ (outnumbered).
  6537 | D:9      | Reached XP level 11. HP: 60/105 MP: 11/11
  6623 | D:9      | Noticed a two-headed ogre
  6631 | D:9      | Killed a two-headed ogre
  6694 | D:9      | 6694 ||| Stepping ~*~*~tactically~*~*~ (outnumbered).
  6695 | D:9      | 6695 ||| Stepping ~*~*~tactically~*~*~ (outnumbered).
  6696 | D:9      | 6696 ||| Stepping ~*~*~tactically~*~*~ (outnumbered).
  6697 | D:9      | 6697 ||| Stepping ~*~*~tactically~*~*~ (outnumbered).
  6698 | D:9      | 6698 ||| Stepping ~*~*~tactically~*~*~ (outnumbered).
  6699 | D:9      | 6699 ||| Stepping ~*~*~tactically~*~*~ (outnumbered).
  6700 | D:9      | 6700 ||| Stepping ~*~*~tactically~*~*~ (outnumbered).
  6701 | D:9      | 6701 ||| Stepping ~*~*~tactically~*~*~ (outnumbered).
  6702 | D:9      | 6702 ||| Stepping ~*~*~tactically~*~*~ (outnumbered).
  6703 | D:9      | 6703 ||| Stepping ~*~*~tactically~*~*~ (outnumbered).
  6835 | D:9      | 6835 ||| Stepping ~*~*~tactically~*~*~ (stealth).
  6855 | D:9      | Found the +2 ratskin cloak {*Rats rPois rN+ Str-1 Int-1
                  | Dex+1}
  6987 | D:9      | 6987 ||| Stepping ~*~*~tactically~*~*~ (stealth).
  6990 | D:9      | 6990 ||| Stepping ~*~*~tactically~*~*~ (outnumbered).
  6991 | D:9      | 6991 ||| Stepping ~*~*~tactically~*~*~ (stealth).
  6992 | D:9      | 6992 ||| Stepping ~*~*~tactically~*~*~ (stealth).
  6993 | D:9      | 6993 ||| Stepping ~*~*~tactically~*~*~ (outnumbered).
  6994 | D:9      | 6994 ||| Stepping ~*~*~tactically~*~*~ (outnumbered).
  6995 | D:9      | 6995 ||| Stepping ~*~*~tactically~*~*~ (outnumbered).
  6996 | D:9      | 6996 ||| Stepping ~*~*~tactically~*~*~ (outnumbered).
  6997 | D:9      | 6997 ||| Stepping ~*~*~tactically~*~*~ (outnumbered).
  6998 | D:9      | 6998 ||| Stepping ~*~*~tactically~*~*~ (outnumbered).
  6999 | D:9      | 6999 ||| Stepping ~*~*~tactically~*~*~ (outnumbered).
  7000 | D:9      | 7000 ||| Stepping ~*~*~tactically~*~*~ (outnumbered).
  7001 | D:9      | 7001 ||| Stepping ~*~*~tactically~*~*~ (outnumbered).
  7004 | D:9      | 7004 ||| Stepping ~*~*~tactically~*~*~ (outnumbered).
  7005 | D:9      | 7005 ||| Stepping ~*~*~tactically~*~*~ (outnumbered).
  7006 | D:9      | 7006 ||| Stepping ~*~*~tactically~*~*~ (outnumbered).
  7007 | D:9      | 7007 ||| STAIRDANCE
  7048 | D:8      | 7048 ||| UPGRADING to +2 ratskin cloak {*Rats rPois rN+
                  | Str-1 Int-1 Dex+1}.
  7385 | D:10     | Entered Level 10 of the Dungeon
  7413 | D:10     | 7413 ||| INVOKING Fiery Armour.
  7420 | D:10     | 7420 ||| Stepping ~*~*~tactically~*~*~ (outnumbered).
  7421 | D:10     | 7421 ||| Stepping ~*~*~tactically~*~*~ (outnumbered).
  7424 | D:10     | 7424 ||| Stepping ~*~*~tactically~*~*~ (outnumbered).
  7426 | D:10     | 7426 ||| Stepping ~*~*~tactically~*~*~ (outnumbered).
  7429 | D:10     | 7429 ||| Stepping ~*~*~tactically~*~*~ (outnumbered).
  7432 | D:10     | 7432 ||| Stepping ~*~*~tactically~*~*~ (outnumbered).
  7437 | D:10     | 7437 ||| Stepping ~*~*~tactically~*~*~ (outnumbered).
  7438 | D:10     | 7438 ||| Stepping ~*~*~tactically~*~*~ (outnumbered).
  7439 | D:10     | 7439 ||| Stepping ~*~*~tactically~*~*~ (outnumbered).
  7441 | D:10     | 7441 ||| Stepping ~*~*~tactically~*~*~ (outnumbered).
  7472 | D:10     | Found a staircase to the Lair.
  7604 | D:10     | Noticed a two-headed ogre
  7611 | D:10     | Killed a two-headed ogre
  7660 | D:10     | 7660 ||| Stepping ~*~*~tactically~*~*~ (hiding).
  7834 | D:10     | 7834 ||| Stepping ~*~*~tactically~*~*~ (stealth).
  7842 | D:10     | 7842 ||| Stepping ~*~*~tactically~*~*~ (stealth).
  7917 | D:10     | Reached skill level 16 in Unarmed Combat
  7923 | D:10     | Found a staircase to the Orcish Mines.
  7928 | D:10     | 7928 ||| Stepping ~*~*~tactically~*~*~ (hiding).
  7938 | D:10     | 7938 ||| FLEEEEING.
  7939 | D:10     | 7939 ||| FLEEEEING.
  7940 | D:10     | 7940 ||| FLEEEEING.
  7941 | D:10     | 7941 ||| FLEEEEING.
  7942 | D:10     | 7942 ||| FLEEEEING.
  7943 | D:10     | 7943 ||| FLEEEEING.
  7944 | D:10     | 7944 ||| FLEEEEING.
  7945 | D:10     | 7945 ||| FLEEEEING.
  7948 | D:10     | 7948 ||| FLEEEEING.
  7949 | D:10     | 7949 ||| FLEEEEING.
  7950 | D:10     | 7950 ||| FLEEEEING.
  7951 | D:10     | 7951 ||| FLEEEEING.
  7959 | D:10     | 7959 ||| STAIRDANCE
  7979 | D:9      | 7979 ||| UPGRADING to amulet of guardian spirit.
  7984 | D:9      | 7984 ||| READING 8 scrolls of identify.
  7984 | D:9      | 7984 ||| IDENTIFYING fizzy purple potion
  8056 | D:10     | 8056 ||| Stepping ~*~*~tactically~*~*~ (stealth).
  8110 | D:10     | 8110 ||| Stepping ~*~*~tactically~*~*~ (stealth).
  8234 | D:10     | 8234 ||| Stepping ~*~*~tactically~*~*~ (hiding).
  8235 | D:10     | 8235 ||| Stepping ~*~*~tactically~*~*~ (hiding).
  8361 | D:10     | 8361 ||| PLANNING LAIR
  8411 | Lair:1   | Entered Level 1 of the Lair of Beasts
  8764 | Lair:1   | 8764 ||| INVOKING Fiery Armour.
  8890 | Lair:1   | 8890 ||| Stepping ~*~*~tactically~*~*~ (outnumbered).
  8891 | Lair:1   | 8891 ||| Stepping ~*~*~tactically~*~*~ (outnumbered).
  8963 | Lair:1   | 8963 ||| Stepping ~*~*~tactically~*~*~ (hiding).
  8986 | Lair:1   | Noticed an oklob plant
  8987 | Lair:1   | 8987 ||| INVOKING Fiery Armour.
  8988 | Lair:1   | Noticed an oklob plant
  9309 | Lair:1   | 9309 ||| PLANNING TEMPLE
  9309 | Lair:1   | 9309 ||| READING 8 scrolls of identify.
  9309 | Lair:1   | 9309 ||| IDENTIFYING fizzy brown potion
  9439 | Temple   | Entered the Ecumenical Temple
  9493 | Temple   | 9493 ||| PLANNING CONVERSION TO OKAWARU
  9499 | Temple   | Fell from the grace of Ignis
  9499 | Temple   | Became a worshipper of Warmaster Okawaru
  9500 | Temple   | 9500 ||| PLANNING LAIR
  9500 | Temple   | 9500 ||| REMOVING amulet of guardian spirit.
  9505 | Temple   | 9505 ||| DROPPING amulet of guardian spirit.
  9676 | Lair:2   | Reached skill level 17 in Unarmed Combat
  9676 | Lair:2   | 9676 ||| STAIRDANCE
  9706 | Lair:2   | Reached XP level 12. HP: 84/118 MP: 12/12
  9713 | Lair:2   | 9713 ||| FLEEEEING.
  9714 | Lair:2   | 9714 ||| STAIRDANCE
  9757 | Lair:2   | 9757 ||| FLEEEEING.
  9758 | Lair:2   | 9758 ||| STAIRDANCE
  9814 | Lair:2   | Reached * piety under Okawaru
  9844 | Lair:2   | 9844 ||| INVOKING Heroism.
  9856 | Lair:2   | 9856 ||| Stepping ~*~*~tactically~*~*~ (stealth).
  9864 | Lair:2   | 9864 ||| INVOKING Heroism.
  9868 | Lair:2   | 9868 ||| Stepping ~*~*~tactically~*~*~ (stealth).
  9869 | Lair:2   | 9869 ||| Stepping ~*~*~tactically~*~*~ (stealth).
  9919 | Lair:2   | Reached skill level 1 in Invocations
  9943 | Lair:2   | You fall into a shaft and drop 2 floors!
 10121 | Lair:2   | Noticed a four-headed hydra
 10122 | Lair:2   | 10122 ||| INVOKING Heroism.
 10124 | Lair:2   | Killed a six-headed hydra
 10288 | Lair:2   | 10288 ||| Stepping ~*~*~tactically~*~*~ (hiding).
 10289 | Lair:2   | 10289 ||| Stepping ~*~*~tactically~*~*~ (hiding).
 10292 | Lair:2   | 10292 ||| INVOKING Heroism.
 10297 | Lair:2   | Reached skill level 3 in Throwing
 10398 | Lair:2   | Found a hole to the Spider Nest.
 10423 | Lair:2   | Reached skill level 3 in Invocations
 10460 | Lair:2   | 10460 ||| Stepping ~*~*~tactically~*~*~ (stealth).
 10461 | Lair:2   | 10461 ||| Stepping ~*~*~tactically~*~*~ (stealth).
 10506 | Lair:2   | 10506 ||| INVOKING Heroism.
 10553 | Lair:2   | 10553 ||| INVOKING Heroism.
 10556 | Lair:2   | Reached ** piety under Okawaru
 10576 | Lair:2   | 10576 ||| INVOKING Heroism.
 10621 | Lair:2   | 10621 ||| INVOKING Heroism.
 10700 | Lair:2   | 10700 ||| INVOKING Heroism.
 10737 | Lair:2   | 10737 ||| INVOKING Heroism.
 11050 | Lair:2   | 11050 ||| INVOKING Heroism.
 11082 | Lair:2   | Noticed a death yak
 11083 | Lair:2   | 11083 ||| INVOKING Heroism.
 11084 | Lair:2   | 11084 ||| Stepping ~*~*~tactically~*~*~ (hiding).
 11091 | Lair:2   | Killed a death yak
 11100 | Lair:2   | Reached *** piety under Okawaru
 11243 | Lair:2   | 11243 ||| UPGRADING to ring of resist corrosion.
 11244 | Lair:2   | 11244 ||| READING scroll labelled PYNAETWI MIURO.
 11307 | Lair:3   | Reached skill level 6 in Throwing
 11445 | Lair:3   | 11445 ||| INVOKING Heroism.
 11532 | Lair:3   | Found a staircase to the Shoals.
 11538 | Lair:3   | Found a shadowy altar of Dithmenos.
 11546 | Lair:3   | Noticed a six-headed hydra
 11547 | Lair:3   | 11547 ||| INVOKING Heroism.
 11551 | Lair:3   | Killed a seven-headed hydra
 11596 | Lair:3   | 11596 ||| INVOKING Heroism.
 11667 | Lair:3   | 11667 ||| Stepping ~*~*~tactically~*~*~ (hiding).
 11721 | Lair:3   | Reached XP level 13. HP: 124/124 MP: 15/15
 11871 | Lair:3   | Reached **** piety under Okawaru
 11872 | Lair:3   | Reached skill level 18 in Unarmed Combat
 11958 | Lair:3   | 11958 ||| INVOKING Heroism.
 11961 | Lair:3   | 11961 ||| Stepping ~*~*~tactically~*~*~ (cloud).
 11963 | Lair:3   | 11963 ||| Stepping randomly (cloudy).
 12042 | Lair:3   | You fall into a shaft and drop 1 floor!
 12066 | Lair:4   | 12066 ||| INVOKING Heroism.
 12067 | Lair:4   | 12067 ||| Stepping ~*~*~tactically~*~*~ (outnumbered).
 12068 | Lair:4   | 12068 ||| Stepping ~*~*~tactically~*~*~ (outnumbered).
 12069 | Lair:4   | 12069 ||| Stepping ~*~*~tactically~*~*~ (outnumbered).
 12127 | Lair:4   | 12127 ||| Stepping ~*~*~tactically~*~*~ (outnumbered).
 12133 | Lair:4   | 12133 ||| INVOKING Heroism.
 12270 | Lair:4   | 12270 ||| Stepping ~*~*~tactically~*~*~ (stealth).
 12272 | Lair:4   | 12272 ||| INVOKING Heroism.
 12496 | Lair:4   | 12496 ||| Stepping ~*~*~tactically~*~*~ (stealth).
 12497 | Lair:4   | 12497 ||| Stepping ~*~*~tactically~*~*~ (stealth).
 12502 | Lair:4   | 12502 ||| INVOKING Heroism.
 12550 | Lair:4   | Received a gift from Okawaru
 12559 | Lair:4   | 12559 ||| INVOKING Heroism.
 12623 | Lair:4   | 12623 ||| INVOKING Heroism.
 12888 | Lair:4   | 12888 ||| INVOKING Heroism.
 12981 | Lair:5   | Entered Level 5 of the Lair of Beasts
 12982 | Lair:5   | 12982 ||| PLANNING GAUNTLET
 13037 | Lair:5   | Received a gift from Okawaru
 13072 | Lair:5   | 13072 ||| Stepping ~*~*~tactically~*~*~ (stealth).
 13079 | Lair:5   | 13079 ||| Stepping ~*~*~tactically~*~*~ (stealth).
 13090 | Lair:5   | 13090 ||| Stepping ~*~*~tactically~*~*~ (stealth).
 13095 | Lair:5   | 13095 ||| INVOKING Heroism.
 13108 | Lair:5   | Reached skill level 6 in Invocations
 13214 | Lair:5   | Found a gate leading to a gauntlet.
 13222 | Gauntlet | Entered a Gauntlet
 13222 | Gauntlet | Found a large runed translucent door.
 13222 | Gauntlet | Found a large runed translucent door.
 13222 | Gauntlet | Found a large runed translucent door.
 13222 | Gauntlet | Found a large runed translucent door.
 13222 | Gauntlet | Found a runed translucent door.
 13222 | Gauntlet | Found a large runed translucent door.
 13222 | Gauntlet | Found a large runed translucent door.
 13222 | Gauntlet | Found a transporter.
 13222 | Gauntlet | Found a transporter.
 13222 | Gauntlet | Found a large runed translucent door.
 13222 | Gauntlet | Found a large runed translucent door.
 13222 | Gauntlet | Found a runed translucent gate.
 13222 | Gauntlet | Found a runed translucent gate.
 13222 | Gauntlet | Found a transporter.
 13222 | Gauntlet | Found a transporter.
 13226 | Gauntlet | Found a transporter.
 13230 | Gauntlet | Found a runed translucent gate.
 13230 | Gauntlet | Found a runed translucent door.
 13231 | Gauntlet | Found a large runed translucent door.
 13231 | Gauntlet | Found a large runed translucent door.
 13236 | Gauntlet | Found a transporter.
 13245 | Gauntlet | Noticed a dire elephant
 13251 | Gauntlet | Found a transporter.
 13257 | Gauntlet | Found a transporter.
 13275 | Gauntlet | Found a transporter.
 13283 | Gauntlet | Found a transporter.
 13303 | Gauntlet | Found a transporter.
 13305 | Gauntlet | Found a large runed translucent door.
 13305 | Gauntlet | Found a large runed translucent door.
 13306 | Gauntlet | Found a large runed translucent door.
 13306 | Gauntlet | Found a large runed translucent door.
 13307 | Gauntlet | Found a large runed translucent door.
 13307 | Gauntlet | Found a large runed translucent door.
 13357 | Gauntlet | Found a transporter.
 13435 | Gauntlet | Gained mutation: You occasionally shout uncontrollably at
                  | your foes. [a neqoxec]
 13439 | Gauntlet | Gained mutation: You occasionally lose the ability to drink
                  | potions when taking damage. [a neqoxec]
 13447 | Gauntlet | Reached ***** piety under Okawaru
 13478 | Gauntlet | 13478 ||| DRINKING potion of mutation.
 13478 | Gauntlet | Lost mutation: You occasionally lose the ability to drink
                  | potions when taking damage. [potion of mutation]
 13478 | Gauntlet | Lost mutation: You occasionally shout uncontrollably at
                  | your foes. [potion of mutation]
 13478 | Gauntlet | Gained mutation: You are robust. (+10% HP) [potion of
                  | mutation]
 13478 | Gauntlet | Gained mutation: Your magical capacity is low. (-10% MP)
                  | [potion of mutation]
 13478 | Gauntlet | Gained mutation: You have very sharp teeth. [potion of
                  | mutation]
 13491 | Gauntlet | Identified the +9 dagger "Batroym" {vorpal, Int+5 Dex-3}
 13505 | Gauntlet | 13505 ||| INVOKING Heroism.
 13509 | Gauntlet | Killed a dire elephant
 13537 | Gauntlet | Identified the +2 cloak "Qebbamu" {rElec Regen+ rCorr
                  | Str-4}
 13546 | Gauntlet | 13546 ||| UPGRADING to +2 cloak "Qebbamu" {rElec Regen+
                  | rCorr Str-4}.
 13556 | Gauntlet | 13556 ||| REMOVING ring of resist corrosion.
 13571 | Gauntlet | Noticed a minotaur
 13572 | Gauntlet | 13572 ||| INVOKING Heroism.
 13573 | Gauntlet | 13573 ||| INVOKING Finesse.
 13576 | Gauntlet | Killed a minotaur
 13631 | Gauntlet | 13631 ||| READING scroll labelled ATOMIGR LOSI.
 13631 | Gauntlet | Identified a scroll of acquirement
 13631 | Gauntlet | 13631 ||| ACQUIRING amulet "Xicyman" {Reflect Contam MP+9
                  | Int+7 SH+5}
 13631 | Gauntlet | Acquired the amulet "Xicyman" {Reflect Contam MP+9 Int+7
                  | SH+5}
 13633 | Gauntlet | 13633 ||| UPGRADING to amulet "Xicyman" {Reflect Contam
                  | MP+9 Int+7 SH+5}.
 13688 | Lair:5   | 13688 ||| PLANNING LAIR
 13766 | Lair:5   | 13766 ||| INVOKING Heroism.
 13776 | Lair:5   | 13776 ||| Stepping ~*~*~tactically~*~*~ (outnumbered).
 13777 | Lair:5   | 13777 ||| Stepping ~*~*~tactically~*~*~ (outnumbered).
 13778 | Lair:5   | 13778 ||| Stepping ~*~*~tactically~*~*~ (outnumbered).
 13779 | Lair:5   | 13779 ||| Stepping ~*~*~tactically~*~*~ (outnumbered).
 13791 | Lair:5   | Found a staircase to the Slime Pits.
 13868 | Lair:5   | Was forgiven by Ignis
 13890 | Lair:5   | 13890 ||| Stepping ~*~*~tactically~*~*~ (stealth).
 13891 | Lair:5   | 13891 ||| INVOKING Heroism.
 13933 | Lair:5   | 13933 ||| INVOKING Heroism.
 13958 | Lair:5   | Noticed a dire elephant
 13958 | Lair:5   | Noticed a dire elephant
 13958 | Lair:5   | Noticed a dire elephant
 13959 | Lair:5   | 13959 ||| INVOKING Finesse.
 13960 | Lair:5   | 13960 ||| INVOKING Heroism.
 14019 | Lair:5   | 14019 ||| INVOKING Heroism.
 14020 | Lair:5   | 14020 ||| INVOKING Finesse.
 14076 | Lair:5   | 14076 ||| Stepping ~*~*~tactically~*~*~ (outnumbered).
 14119 | Lair:5   | 14119 ||| INVOKING Heroism.
 14136 | Lair:5   | 14136 ||| Stepping ~*~*~tactically~*~*~ (hiding).
 14146 | Lair:5   | 14146 ||| Stepping ~*~*~tactically~*~*~ (outnumbered).
 14147 | Lair:5   | 14147 ||| Stepping ~*~*~tactically~*~*~ (outnumbered).
 14148 | Lair:5   | 14148 ||| Stepping ~*~*~tactically~*~*~ (outnumbered).
 14153 | Lair:5   | Killed a dire elephant
 14155 | Lair:5   | 14155 ||| INVOKING Heroism.
 14156 | Lair:5   | 14156 ||| Stepping ~*~*~tactically~*~*~ (outnumbered).
 14161 | Lair:5   | Killed a dire elephant
 14161 | Lair:5   | Received a gift from Okawaru
 14171 | Lair:5   | Killed a dire elephant
 14236 | Lair:5   | 14236 ||| INVOKING Heroism.
 14237 | Lair:5   | 14237 ||| INVOKING Finesse.
 14244 | Lair:5   | 14244 ||| Stepping ~*~*~tactically~*~*~ (outnumbered).
 14267 | Lair:5   | 14267 ||| Stepping ~*~*~tactically~*~*~ (outnumbered).
 14268 | Lair:5   | 14268 ||| Stepping ~*~*~tactically~*~*~ (outnumbered).
 14281 | Lair:5   | 14281 ||| INVOKING Finesse.
 14284 | Lair:5   | 14284 ||| INVOKING Heroism.
 14437 | Lair:5   | 14437 ||| INVOKING Heroism.
 14476 | Lair:5   | 14476 ||| Stepping ~*~*~tactically~*~*~ (stealth).
 14477 | Lair:5   | 14477 ||| Stepping ~*~*~tactically~*~*~ (stealth).
 14481 | Lair:5   | 14481 ||| INVOKING Heroism.
 14482 | Lair:5   | 14482 ||| Stepping ~*~*~tactically~*~*~ (outnumbered).
 14483 | Lair:5   | 14483 ||| Stepping ~*~*~tactically~*~*~ (outnumbered).
 14487 | Lair:5   | 14487 ||| Stepping ~*~*~tactically~*~*~ (outnumbered).
 14491 | Lair:5   | 14491 ||| Stepping ~*~*~tactically~*~*~ (outnumbered).
 14493 | Lair:5   | 14493 ||| Stepping ~*~*~tactically~*~*~ (outnumbered).
 14494 | Lair:5   | 14494 ||| Stepping ~*~*~tactically~*~*~ (outnumbered).
 14495 | Lair:5   | 14495 ||| Stepping ~*~*~tactically~*~*~ (outnumbered).
 14507 | Lair:5   | Reached XP level 14. HP: 149/149 MP: 17/17
 14532 | Lair:5   | 14532 ||| Stepping ~*~*~tactically~*~*~ (stealth).
 14936 | Lair:5   | 14936 ||| PLANNING D:1-11
 14936 | Lair:5   | 14936 ||| READING scroll labelled IRARIZ US GIGI.
 15000 | Lair:2   | 15000 ||| Stepping ~*~*~tactically~*~*~ (stealth).
 15117 | D:11     | 15117 ||| INVOKING Heroism.
 15118 | D:11     | 15118 ||| INVOKING Finesse.
 15122 | D:11     | Noticed Psyche
 15139 | D:11     | Killed Psyche
 15140 | D:11     | 15140 ||| Stepping ~*~*~tactically~*~*~ (hiding).
 15244 | D:11     | 15244 ||| Stepping ~*~*~tactically~*~*~ (hiding).
 15251 | D:11     | Received a gift from Okawaru
 15317 | D:11     | 15317 ||| Stepping ~*~*~tactically~*~*~ (stealth).
 15318 | D:11     | 15318 ||| Stepping ~*~*~tactically~*~*~ (stealth).
 15325 | D:11     | 15325 ||| Stepping ~*~*~tactically~*~*~ (stealth).
 15453 | D:11     | Noticed Urug
 15454 | D:11     | 15454 ||| INVOKING Heroism.
 15455 | D:11     | 15455 ||| INVOKING Finesse.
 15459 | D:11     | Killed Urug
 15654 | D:11     | Received a gift from Okawaru
 15769 | D:11     | Reached skill level 9 in Invocations
 15966 | D:11     | 15966 ||| PLANNING D
 16041 | D:12     | 16041 ||| INVOKING Heroism.
 16084 | D:12     | HP: 36/149 [meliai/divine providence (13)]
 16085 | D:12     | 16085 ||| READING 6 scrolls of teleportation.
 16086 | D:12     | 16086 ||| DRINKING 5 potions of heal wounds.
 16087 | D:12     | 16087 ||| DRINKING 4 potions of heal wounds.
 16147 | D:12     | 16147 ||| INVOKING Heroism.
 16148 | D:12     | 16148 ||| INVOKING Finesse.
 16216 | D:12     | 16216 ||| INVOKING Heroism.
 16278 | D:12     | Noticed qw's ghost (journeyman TrCA)
 16279 | D:12     | Found a runed translucent door.
 16369 | D:12     | Reached skill level 19 in Unarmed Combat
 16488 | D:12     | 16488 ||| INVOKING Heroism.
 16504 | D:12     | 16504 ||| Stepping ~*~*~tactically~*~*~ (stealth).
 16507 | D:12     | Received a gift from Okawaru
 16514 | D:12     | 16514 ||| Stepping ~*~*~tactically~*~*~ (stealth).
 16520 | D:12     | 16520 ||| Stepping ~*~*~tactically~*~*~ (stealth).
 16524 | D:12     | 16524 ||| Stepping ~*~*~tactically~*~*~ (stealth).
 16548 | D:12     | 16548 ||| Stepping ~*~*~tactically~*~*~ (hiding).
 16549 | D:12     | 16549 ||| Stepping ~*~*~tactically~*~*~ (hiding).
 16551 | D:12     | 16551 ||| INVOKING Heroism.
 16610 | D:12     | 16610 ||| UPGRADING to +1 tower shield of positive energy.
 16615 | D:12     | 16615 ||| DROPPING amulet of magic regeneration.
 16616 | D:12     | 16616 ||| DROPPING ring of magical power.
 16681 | D:13     | Identified the +10 rapier of the Unliving {vorpal, rN+}
 16682 | D:13     | 16682 ||| Stepping ~*~*~tactically~*~*~ (hiding).
 16684 | D:13     | Reached skill level 1 in Shields
 16702 | D:13     | 16702 ||| INVOKING Heroism.
 16751 | D:13     | 16751 ||| INVOKING Heroism.
 16758 | D:13     | 16758 ||| Stepping ~*~*~tactically~*~*~ (outnumbered).
 16760 | D:13     | 16760 ||| Stepping ~*~*~tactically~*~*~ (outnumbered).
 16764 | D:13     | 16764 ||| Stepping ~*~*~tactically~*~*~ (outnumbered).
 16765 | D:13     | 16765 ||| Stepping ~*~*~tactically~*~*~ (outnumbered).
 16766 | D:13     | 16766 ||| Stepping ~*~*~tactically~*~*~ (outnumbered).
 16767 | D:13     | 16767 ||| Stepping ~*~*~tactically~*~*~ (outnumbered).
 16770 | D:13     | 16770 ||| Stepping ~*~*~tactically~*~*~ (outnumbered).
 16771 | D:13     | 16771 ||| Stepping ~*~*~tactically~*~*~ (outnumbered).
 16772 | D:13     | 16772 ||| Stepping ~*~*~tactically~*~*~ (outnumbered).
 16774 | D:13     | 16774 ||| Stepping ~*~*~tactically~*~*~ (outnumbered).
 16796 | D:13     | 16796 ||| Stepping ~*~*~tactically~*~*~ (stealth).
 16798 | D:13     | 16798 ||| Stepping ~*~*~tactically~*~*~ (hiding).
 16803 | D:13     | 16803 ||| INVOKING Finesse.
 16845 | D:13     | Identified the +1 plate armour "Dip Orr" {rF- Str+3 Int+4
                  | SInv}
 16868 | D:13     | 16868 ||| INVOKING Heroism.
 16871 | D:13     | 16871 ||| Stepping ~*~*~tactically~*~*~ (outnumbered).
 16876 | D:13     | 16876 ||| Stepping ~*~*~tactically~*~*~ (outnumbered).
 16878 | D:13     | 16878 ||| Stepping ~*~*~tactically~*~*~ (outnumbered).
 16879 | D:13     | Reached skill level 3 in Shields
 16904 | D:13     | HP: 32/149 [orc knight/+1 vorpal bardiche (6)]
 16905 | D:13     | 16905 ||| READING 5 scrolls of teleportation.
 16906 | D:13     | 16906 ||| DRINKING 3 potions of heal wounds.
 16907 | D:13     | 16907 ||| DRINKING 2 potions of heal wounds.
 17009 | D:13     | 17009 ||| Invisible monster not found???
 17009 | D:13     | Noticed Frances
 17010 | D:13     | 17010 ||| INVOKING Heroism.
 17019 | D:13     | HP: 27/149 [Frances/shard of ice (36)]
 17020 | D:13     | 17020 ||| READING 4 scrolls of teleportation.
 17021 | D:13     | 17021 ||| DRINKING potion of heal wounds.
 17085 | D:13     | 17085 ||| Stepping ~*~*~tactically~*~*~ (stealth).
 17086 | D:13     | 17086 ||| INVOKING Heroism.
 17087 | D:13     | 17087 ||| Stepping ~*~*~tactically~*~*~ (hiding).
 17108 | D:13     | 17108 ||| Stepping ~*~*~tactically~*~*~ (stealth).
 17125 | D:13     | 17125 ||| Stepping ~*~*~tactically~*~*~ (stealth).
 17127 | D:13     | 17127 ||| Stepping ~*~*~tactically~*~*~ (stealth).
 17129 | D:13     | 17129 ||| Stepping ~*~*~tactically~*~*~ (stealth).
 17131 | D:13     | 17131 ||| Stepping ~*~*~tactically~*~*~ (stealth).
 17133 | D:13     | 17133 ||| Stepping ~*~*~tactically~*~*~ (stealth).
 17151 | D:13     | Found a gate to the Vaults.
 17195 | D:13     | 17195 ||| Stepping ~*~*~tactically~*~*~ (hiding).
 17197 | D:13     | 17197 ||| Stepping ~*~*~tactically~*~*~ (hiding).
 17201 | D:13     | 17201 ||| Stepping ~*~*~tactically~*~*~ (hiding).
 17220 | D:13     | 17220 ||| INVOKING Heroism.
 17225 | D:13     | 17225 ||| Stepping ~*~*~tactically~*~*~ (cloud).
 17233 | D:13     | 17233 ||| Stepping ~*~*~tactically~*~*~ (outnumbered).
 17239 | D:13     | Reached skill level 6 in Shields
 17240 | D:13     | 17240 ||| Stepping ~*~*~tactically~*~*~ (outnumbered).
 17240 | D:13     | HP: 27/149 [Frances/+0 trident (21)]
 17241 | D:13     | 17241 ||| READING 4 scrolls of teleportation.
 17242 | D:13     | HP: 12/149 [Frances/+0 trident (11)]
 17370 | D:13     | 17370 ||| INVOKING Heroism.
 17389 | D:13     | Killed Frances
 17479 | D:13     | 17479 ||| Stepping ~*~*~tactically~*~*~ (stealth).
 17504 | D:13     | 17504 ||| INVOKING Heroism.
 17654 | D:13     | 17654 ||| READING scroll labelled TAEDAXK CUUV.
 17655 | D:13     | 17655 ||| READING scroll labelled DOR XUENAJI.
 17791 | D:14     | 17791 ||| INVOKING Heroism.
 17795 | D:14     | 17795 ||| STAIRDANCE
 17802 | D:14     | 17802 ||| STAIRDANCE
 17814 | D:13     | HP: 36/149 [15-headed hydra (5)]
 17814 | D:13     | HP: 14/149 [15-headed hydra (9)]
 17814 | D:13     | HP: 1/149 [15-headed hydra (13)]
 17814 | D:13     | Slain by a 15-headed hydra

Levels and vault maps discovered:
D:1:      dpeg_arrival_stonehenge_8_columns, layout_basic,
          ebering_ecumenical_altar_sacrificial
D:2:      layout_basic, serial_shops, shop_fountains
D:3:      layout_loops_corners
D:4:      layout_basic
D:5:      layout_loops_ring, uniq_duvessa, uniq_eustachio
D:6:      cheibrodos_barr_body, layout_basic, kennysheep_little_box,
          mainiacjoe_overflow_alcove_3, minmay_temple_entry_stoned_glass,
          uniq_grinder, uniq_blork_the_orc, uniq_sigmund, uniq_edmund
D:7:      layout_loops_ring, gammafunk_ghost_cemetery, nicolae_island_escapes
D:8:      layout_basic
D:9:      layout_irregular_city, st_stairs_9
D:10:     layout_loops_ring, lair_entry_dummy, zombieorc1_lemuel
D:11:     layout_cave_pods, uniq_psyche, uniq_urug
D:12:     layout_roguey [special_room_bee], hellmonk_ghost_happy_afterlife
D:13:     layout_cave_pools, hangedman_vaults_entry_quadrant_bands, uniq_frances
D:14:     layout_irregular_city, xom_shifter_show
Temple:   minmay_crystal_spiral_temple
Lair:1:   minmay_lair_oklob_chamber, layout_long_grid
Lair:2:   nzn_winding_woodlands_three_and_one
          [nzn_winding_woodlands_5x15_parted,
          nzn_winding_woodlands_5x15_longhouse,
          nzn_winding_woodlands_5x15_cabin,
          nzn_winding_woodlands_center_garden], layout_chaotic_city,
          nicolae_spider_entry_tight_spaces, serial_bayou_pond_e, minivault_19,
          beast_lair_carwin_8
Lair:3:   layout_regular_city, minmay_shoals_entry_beasts, basic_altar,
          beast_lair_carwin_4, infiniplex_staircase_pool_2
Lair:4:   layout_regular_city, infiniplex_staircase_pool
Lair:5:   due_jungle_book, layout_regular_city, nicolae_slime_entry_slimehenge,
          gauntlet_entry_generic

Skill      XL: |  1  2  3  4  5  6  7  8  9 10 11 12 13 14 |
---------------+-------------------------------------------+-----
Unarmed Combat | 4 5 6 8 9 11 13 15 17 18 19 | 19.0
Fighting       | 3 4 5 6 7 8 |  8.1
Throwing       | 1 2 7 8 |  8.0
Dodging        | 1 2 |  2.0
Armour         | 2 3 4 |  4.0
Invocations    | 4 8 10 | 10.0
Shields        | 6 |  6.7
Spellcasting   | |  1.0
Fire Magic     | |  2.1

Action                   |  1- 3 |  4- 6 |  7- 9 | 10-12 | 13-15 || total
-------------------------+-------+-------+-------+-------+-------++-------
Melee: Unarmed           |    99 |    83 |   201 |   512 |   607 ||  1502
       Punch             |     3 |     3 |     5 |    36 |    56 ||   103
       Bite              |       |       |       |       |    53 ||    53
Throw: Boomerang         |     3 |    29 |    20 |   148 |    18 ||   218
       Large rock        |       |       |       |    26 |    81 ||   107
       Javelin           |       |       |       |       |    22 ||    22
Invok: Fiery Armour      |     1 |     3 |     4 |     4 |       ||    12
       Heroism           |       |       |       |    15 |    38 ||    53
       Finesse           |       |       |       |       |     9 ||     9
  Use: Scroll            |     4 |     4 |     5 |     9 |     8 ||    30
       Potion            |     2 |     3 |     3 |       |     6 ||    14
Armor: Robe              |    39 |    42 |    32 |       |       ||   113
       Swamp dragon scal |       |       |    53 |   169 |   241 ||   463
Dodge: Dodged            |    30 |    33 |    70 |   138 |   175 ||   446
Block: Other             |       |       |       |       |    52 ||    52
       Tower shield      |       |       |       |       |   255 ||   255
       Reflection        |       |       |       |       |    16 ||    16

Table legend:
 A = Non-vault XP
 B = Vault XP
 C = Vault XP percentage of total XP
 D = Non-vault monster count
 E = Vault monster count
 F = Vault count percentage of total count
                 A         B        C        D         E       F
            +---------+---------+-------+---------+---------+-------
      Total |   57322 |   41364 |  41.9 |     395 |     168 |  29.8
            +---------+---------+-------+---------+---------+-------
        D:1 |      52 |       0 |   0.0 |      25 |       0 |   0.0
        D:2 |      79 |       0 |   0.0 |      25 |       0 |   0.0
        D:3 |      36 |       0 |   0.0 |      12 |       0 |   0.0
        D:4 |     735 |       0 |   0.0 |      42 |       0 |   0.0
        D:5 |     607 |     323 |  34.7 |      19 |       2 |   9.5
        D:6 |    2299 |    1428 |  38.3 |      29 |      17 |  37.0
        D:7 |    1296 |       0 |   0.0 |      20 |       0 |   0.0
        D:8 |    2529 |       0 |   0.0 |      21 |       0 |   0.0
        D:9 |    4018 |     261 |   6.1 |      34 |       2 |   5.6
       D:10 |    2380 |     762 |  24.3 |      32 |      26 |  44.8
       D:11 |    3480 |    1196 |  25.6 |      19 |       2 |   9.5
       D:12 |    3920 |    2597 |  39.8 |      11 |      26 |  70.3
       D:13 |   10388 |    8320 |  44.5 |      23 |      18 |  43.9
       D:14 |     345 |       0 |   0.0 |       1 |       0 |   0.0
     Lair:1 |    4426 |       0 |   0.0 |      16 |       0 |   0.0
     Lair:2 |    4804 |    8390 |  63.6 |      15 |      30 |  66.7
     Lair:3 |    4180 |    1051 |  20.1 |      10 |       4 |  28.6
     Lair:4 |    6634 |       0 |   0.0 |      24 |       0 |   0.0
     Lair:5 |    5114 |   13038 |  71.8 |      17 |      34 |  66.7
   Gauntlet |       0 |    3998 | 100.0 |       0 |       7 | 100.0
            +---------+---------+-------+---------+---------+-------
